 Dungeon Crawl Stone Soup version 0.30.1-11-g7821555f0a (webtiles) character file.

Game seed: 10627104989599899388

572 Peloso the Slasher (level 7, -2/60 HPs)
             Began as a Minotaur Fighter on Dec 17, 2023.
             Slain by an orc
             ... wielding a +0 hand axe
              (11 damage)
             ... on level 5 of the Dungeon.
             The game lasted 00:07:18 (3217 turns).

Peloso the Slasher (Minotaur Fighter)               Turns: 3217, Time: 00:07:18

Health: -2/60      AC: 13    Str: 21    XL:     7   Next: 12%
Magic:  6/6        EV:  2    Int:  5    God:
Gold:   175        SH:  0    Dex: 11    Spells: 6/6 levels left

rFire   . . .        a - +1 long sword
rCold   . . .        d - +0 buckler
rNeg    . . .        c - +0 chain mail
rPois   .            (helmet restricted)
rElec   .            (no cloak)
rCorr   .            (no gloves)
SInv    .            (no boots)
Will    .....        (no amulet) Stlth
                     e - +4 ring of protection
HPRegen 0.30/turn    (no ring)
MPRegen 0.10/turn

%: no passive effects
@: sleeping
A: horns 2, retaliatory headbutt
a: no special abilities


You were on level 5 of the Dungeon.
You visited 1 branch of the dungeon, and saw 5 of its levels.

You collected 175 gold pieces.

Inventory:

Hand Weapons
 a - a +1 long sword (weapon)
Armour
 b - a +0 scale mail
 c - a +0 chain mail (worn)
 d - a +0 buckler (worn)
 x - +0 gold dragon scales
Jewellery
 e - a +4 ring of protection (left hand)
 g - a +6 ring of dexterity
 l - a ring of wizardry
Wands
 h - a wand of polymorph (9)
Scrolls
 j - 4 scrolls of teleportation
 p - a scroll of blinking
 q - a scroll of immolation {unknown}
 r - a scroll of acquirement {unknown}
 u - a scroll of magic mapping {unknown}
 v - 2 scrolls of amnesia {unknown}
Potions
 f - a potion of flight
 i - 2 potions of invisibility
 k - 4 potions of lignification
 m - a potion of mutation
 n - a potion of resistance {unknown}
 s - a potion of ambrosia {unknown}
 t - 2 potions of brilliance {unknown}
 w - 3 potions of haste {unknown}


   Skills:
 + Level 4.9 Fighting
 + Level 7.1 Long Blades
 + Level 5.1 Armour
 + Level 0.7 Dodging
 + Level 0.2 Stealth
 + Level 4.9 Shields


You had 6 spell levels left.
You didn't know any spells.
Your spell library contained the following spells:

 Spells                   Type           Power      Damage    Failure   Level
 Beastly Appendage        Tmut           0%         N/A       99%         1
 Kiss of Death            Conj/Necr      0%         2d5       99%         1
 Wereblood                Tmut           0%         N/A       99%         2
 Call Canine Familiar     Summ           0%         N/A       100%        3
 Confusing Touch          Hex            0%         N/A       100%        3
 Dazzling Flash           Conj/Hex       0%         N/A       100%        3
 Portal Projectile        Hex/Tloc       0%         N/A       100%        3
 Spider Form              Tmut/Pois      0%         N/A       100%        3
 Volatile Blastmotes      Fire/Tloc      0%         2d10      100%        3
 Dispel Undead            Necr           0%         3d6       100%        4
 Iskenderun's Mystic Bla  Conj/Tloc      0%         2d3       100%        4
 Leda's Liquefaction      Hex/Erth       0%         N/A       100%        4
 Starburst                Conj/Fire      0%         6d3       100%        6


Dungeon Overview and Level Annotations

Branches:
Dungeon (5/15)
 Temple: D:4-7

Altars:

Annotations:
D:4 1 runed translucent door, Crazy Yiuf


Innate Abilities, Weirdness & Mutations

You have a pair of horns on your head.
You reflexively headbutt those who attack you in melee.


Message History

You block the orc's attack.
Unknown command.
You hit the orc. You headbutt the orc.
You kill the orc!
The orc hits you but does no damage.
You slash the sleepcap!
The sleepcap is moderately damaged.
You block the orc's attack. You block the orc priest's attack.
The sleepcap barely misses you. You furiously retaliate!
You headbutt the sleepcap.
Unknown command.
You hit the sleepcap but do no damage.
The sleepcap is heavily damaged.
The orc barely misses you.
The orc priest hits you but does no damage.
The sleepcap releases spores at you but does no damage.
Unknown command.
You hit the sleepcap.
The sleepcap is severely damaged.
The sleepcap barely misses you. You block the orc priest's attack.
You block the orc's attack.
Unknown command.
You hit the sleepcap.
The sleepcap is almost destroyed.
You block the orc's attack. You block the orc priest's attack.
The sleepcap releases spores at you but does no damage.
The orc hits you but does no damage.
The orc priest hits you but does no damage.
The sleepcap releases spores at you but does no damage.
You hit the sleepcap.
The sleepcap is almost destroyed.
You block the orc's attack.
The orc priest hits you with a +0 dagger.
* * * LOW HITPOINT WARNING * * *
The sleepcap releases spores at you.
* * * LOW HITPOINT WARNING * * *
You are engulfed in a cloud of soporific spores!
You fall asleep.
The orc hits you with a +0 hand axe!
You die...

#################
#.@o............###
#f#o...............
###.#.#######..######
#...#.# ........
#.....# ...........#
##....#.........#)##
##...#..######.### .
#....#. .. ...
###....# ...


You could see a sleepcap, an orc priest and an orc.

Vanquished Creatures
  An ice beast (D:5)
  A centaur (D:4)
  A scorpion (D:5)
  A hound (D:4)
  2 orc priests (D:4)
  A jelly (D:4)
  An iguana (D:4)
  An orc wizard (D:4)
  A gnoll (D:1)
  5 adders
  A white imp (D:3)
  A worm (D:2)
  6 dart slugs
  11 orcs
  4 bats
  10 endoplasms
  6 giant cockroaches
  7 hobgoblins
  3 jackals (D:2)
  2 quokkas
  9 ball pythons
  2 frilled lizards
  6 goblins
  5 kobolds
  4 rats
92 creatures vanquished.

Notes
Turn   | Place    | Note
-------+----------+-------------------------------------------
     0 | D:1      | Peloso the Minotaur Fighter began the quest for the Orb.
     0 | D:1      | Reached XP level 1. HP: 19/19 MP: 0/0
   288 | D:1      | Reached XP level 2. HP: 27/27 MP: 1/1
   367 | D:1      | Reached skill level 3 in Long Blades
   638 | D:1      | Reached XP level 3. HP: 32/33 MP: 2/2
  1239 | D:2      | Reached skill level 4 in Long Blades
  1381 | D:3      | Reached XP level 4. HP: 40/40 MP: 3/3
  1523 | D:3      | Found a faded altar of an unknown god.
  2059 | D:4      | Noticed a centaur
  2086 | D:4      | Killed a centaur
  2087 | D:4      | Reached skill level 5 in Long Blades
  2087 | D:4      | Reached XP level 5. HP: 29/46 MP: 4/4
  2345 | D:4      | Reached skill level 6 in Long Blades
  2345 | D:4      | Reached XP level 6. HP: 46/53 MP: 5/5
  2825 | D:4      | Found a runed translucent door.
  2826 | D:4      | Noticed Crazy Yiuf
  3119 | D:5      | Entered Level 5 of the Dungeon
  3162 | D:5      | Noticed an ice beast
  3169 | D:5      | Killed an ice beast
  3170 | D:5      | Reached skill level 5 in Armour
  3208 | D:5      | Reached skill level 7 in Long Blades
  3208 | D:5      | Reached XP level 7. HP: 17/60 MP: 6/6
  3217 | D:5      | Slain by an orc

Illustrated notes

Levels and vault maps discovered:
D:1:      moated_graveyard_arrival, layout_basic
D:2:      layout_rooms
D:3:      layout_rooms, shapermc_ecumenical_altar_gd, minmay_fountain_box
D:4:      layout_cave_pods, uniq_crazy_yiuf_cottage
D:5:      layout_cave_pools, minmay_temple_entry_arrows, portal_sewer_entry_a,
          sigmund_edmund_badplayer, uniq_menkaure

Skill      XL: |  1  2  3  4  5  6 |
---------------+-------------------+-----
Long Blades    | 3 4 5 6 7 |  7.1
Shields        | 4 |  4.9
Armour         | 4 5 |  5.1
Fighting       | 4 |  4.9
Dodging        | |  0.7
Stealth        | |  0.2

Action                     |  1- 3 |  4- 6 |  7- 9 || total
---------------------------+-------+-------+-------++-------
  Melee: Long sword        |   109 |   135 |     9 ||   253
         Headbutt          |    21 |    19 |     1 ||    41
    Use: Potion            |     4 |     2 |       ||     6
         Scroll            |     4 |     2 |       ||     6
 Armour: Chain mail        |    58 |    75 |     7 ||   140
         Scale mail        |     1 |       |       ||     1
  Dodge: Dodged            |    26 |    51 |     5 ||    82
  Block: Buckler           |    29 |    42 |     9 ||    80
